 Dungeon Crawl Stone Soup version 0.29.0-4-gdea44cf6ec (webtiles) character file.

Game seed: 12198393667542873049

124 qw the Chopper (level 5, -3/30 HPs)
             Began as a Tengu Warper on Aug 28, 2022.
             Slain by a scorpion (6 damage)
             ... on level 4 of the Dungeon.
             The game lasted 00:00:16 (3821 turns).

qw the Chopper (Tengu Warper)                       Turns: 3821, Time: 00:00:17

Health: -3/30      AC:  5    Str: 14    XL:     5   Next: 8%
Magic:  9/9        EV: 13    Int: 13    God:
Gold:   93         SH:  0    Dex: 19    Spells: 8/8 levels left

rFire   + . .      SeeInvis .   Y - +0 hand axe
rCold   + . .      Faith    .   (no shield)
rNeg    . . .      Spirit   .   m - +0 ring mail
rPois   .          Reflect  .   (helmet restricted)
rElec   .          Harm     .   l - scarf {rC+ rF+}
rCorr   .          Rampage  .   (no gloves)
Will    +....                   (boots unavailable)
Stlth   +.........              (no amulet)
HPRegen 0.10/turn               e - ring of willpower
MPRegen 0.11/turn               o - +6 ring of dexterity

@: lethally poisoned (-3 -> -9), flying quickly and evasively, quick
A: beak, talons 3, nimble flight
a: no special abilities


You were on level 4 of the Dungeon.
You visited 1 branch of the dungeon, and saw 4 of its levels.

You collected 93 gold pieces.


Innate Abilities, Weirdness & Mutations

You have a beak for a mouth.
You have claws for feet.
Your magical nature lets you fly swiftly and evasively.


   Skills:
 - Level 2.0 Fighting
 + Level 5.6 Axes
 - Level 1.0 Throwing
 - Level 1.1 Armour
 - Level 2.1 Dodging
 - Level 2.0 Spellcasting
 - Level 2.4 Translocations


You had 8 spell levels left.
You didn't know any spells.
Your spell library contained the following spells:

 Spells                   Type           Power      Damage    Failure   Level
 Blink                    Tloc           14%        N/A       30%         2
 Gell's Gravitas          Tloc           7%         N/A       52%         3
 Lesser Beckoning         Tloc           7%         N/A       52%         3
 Teleport Other           Tloc           7%         N/A       52%         3
 Manifold Assault         Tloc           7%         N/A       99%         5

Inventory:

Hand Weapons
 b - a +4 flail of draining
 Y - a +0 hand axe (weapon)
Missiles
 d - 6 boomerangs (quivered)
Armour
 l - a scarf of resistance (worn)
 m - a +0 ring mail (worn)
Jewellery
 e - a ring of willpower (left hand)
 o - a +6 ring of dexterity (right hand)
Scrolls
 a - a scroll of fear {unknown}
 p - a scroll of identify
Potions
 f - a potion of cancellation {unknown}
 h - a potion of curing
 i - a potion of degeneration {unknown}
 j - a potion of flight {unknown}
 n - a potion of berserk rage {unknown}

Dungeon Overview and Level Annotations

Branches:
Dungeon (4/15)
 Temple: D:4-7

Altars:


Message History

You hear an angry hiss.
A ball python comes into view.
An ufetubus comes into view.
A black bear comes into view.
Throw: 6 boomerangs
Press: ? - help, Q - select action Shift-Dir - straight line, f/p - iguana You throw a boomerang.
The boomerang barely misses the iguana.
The ufetubus shouts!
You hit the scorpion. Your kick misses the scorpion.
The scorpion is moderately wounded.
The scorpion closely misses you.
You barely miss the scorpion.
You claw the scorpion, but do no damage.
Your peck misses the scorpion.
The scorpion is moderately wounded.
You barely miss the iguana. The iguana misses you. The scorpion stings you.
You are poisoned.
The scorpion poisons you!
You barely miss the scorpion.
The scorpion is moderately wounded.
You hit the iguana but do no damage.
You feel very sick. The iguana bites you! The scorpion stings you.
The ufetubus hits you but does no damage. x2
You hit the scorpion but do no damage. Your kick misses the scorpion.
Your peck misses the scorpion.
The scorpion is moderately wounded.
You barely miss the iguana. You hit the ufetubus.
You feel sick. The iguana bites you. The scorpion closely misses you.
The ufetubus closely misses you.
The ufetubus hits you but does no damage.
You closely miss the ufetubus. Your kick misses the ufetubus.
Your peck misses the ufetubus.
The ufetubus is heavily wounded.
You hit the scorpion. You closely miss the iguana.
You feel sick. The ufetubus closely misses you. The ufetubus barely misses you.
The scorpion stings you but does no damage.
The iguana bites you! The ufetubus barely misses you.
The ufetubus closely misses you. The scorpion stings you.
You die...

(.(............
.............!.
#.............#
#.........>.#
#....$....#
#..hK...# #Sls5.#
#J@.# ###.###
#.....# #.....#
#.....# #..(..#
#.....##### #
##########....%....#
#
#...#..........###.#


You could see a black bear, a scorpion, an iguana, an ufetubus, an endoplasm, a
ball python and a kobold.

Vanquished Creatures
  An iguana (D:4)
  3 adders
  3 worms
  2 dart slugs
  5 endoplasms
  4 giant cockroaches
  8 goblins
  7 hobgoblins
  3 kobolds
  A quokka (D:3)
  7 ball pythons
  4 bats
  6 frilled lizards
  4 rats
58 creatures vanquished.

Notes
Turn   | Place    | Note
-------+----------+-------------------------------------------
     0 | D:1      | qw the Tengu Warper began the quest for the Orb.
     0 | D:1      | Reached XP level 1. HP: 12/12 MP: 4/4
     0 | D:1      | 0 ||| qw: Version: 0.1-a-89-g26bdef1
     0 | D:1      | 0 ||| qw: Game counter: 3305
     0 | D:1      | 0 ||| qw: Always use a shield: true
     0 | D:1      | 0 ||| qw: God list: Okawaru
     0 | D:1      | 0 ||| qw: Allow faded altars: false
     0 | D:1      | 0 ||| qw: Do Orc after D:15 true
     0 | D:1      | 0 ||| qw: Do second Lair branch before Depths: true
     0 | D:1      | 0 ||| qw: Lair rune preference: random
     0 | D:1      | 0 ||| qw: Plans: Normal
     0 | D:1      | 0 ||| PLANNING D:1-11
   202 | D:1      | 202 ||| Stepping ~*~*~tactically~*~*~ (stealth).
   206 | D:1      | 206 ||| Stepping ~*~*~tactically~*~*~ (stealth).
   276 | D:1      | 276 ||| Stepping ~*~*~tactically~*~*~ (stealth).
   277 | D:1      | 277 ||| Stepping ~*~*~tactically~*~*~ (stealth).
   282 | D:1      | 282 ||| Stepping ~*~*~tactically~*~*~ (stealth).
   288 | D:1      | Reached XP level 2. HP: 17/17 MP: 6/6
   288 | D:1      | 288 ||| Stepping ~*~*~tactically~*~*~ (stealth).
   296 | D:1      | Reached skill level 3 in Axes
   316 | D:1      | 316 ||| Stepping ~*~*~tactically~*~*~ (stealth).
   318 | D:1      | 318 ||| Stepping ~*~*~tactically~*~*~ (stealth).
   320 | D:1      | 320 ||| Stepping ~*~*~tactically~*~*~ (stealth).
   333 | D:1      | 333 ||| Stepping ~*~*~tactically~*~*~ (stealth).
   430 | D:1      | 430 ||| Stepping ~*~*~tactically~*~*~ (stealth).
   431 | D:1      | 431 ||| Stepping ~*~*~tactically~*~*~ (stealth).
  1122 | D:1      | 1122 ||| UPGRADING to scarf of resistance.
  1127 | D:1      | 1127 ||| DROPPING ring of wizardry.
  1128 | D:1      | 1128 ||| UPGRADING to ring of willpower.
  1129 | D:1      | 1129 ||| READING 2 scrolls labelled IMOXITZ JAYDI.
  1130 | D:1      | 1130 ||| READING scroll labelled WIOKAONOTO.
  1131 | D:1      | 1131 ||| READING scroll labelled QIRIUZ MAIX.
  1134 | D:1      | 1134 ||| READING scroll labelled XOMIBASKUA.
  1135 | D:1      | 1135 ||| DROPPING scroll of magic mapping.
  1136 | D:1      | 1136 ||| DROPPING scroll of blinking.
  1163 | D:2      | 1163 ||| Stepping ~*~*~tactically~*~*~ (hiding).
  1265 | D:2      | 1265 ||| Stepping ~*~*~tactically~*~*~ (hiding).
  1275 | D:2      | 1275 ||| FLEEEEING.
  1277 | D:2      | 1277 ||| STAIRDANCE
  1321 | D:2      | Reached XP level 3. HP: 21/21 MP: 7/7
  1331 | D:2      | Reached skill level 4 in Axes
  1495 | D:2      | 1495 ||| DROPPING +0 club.
  1497 | D:2      | Found a faded altar of an unknown god.
  1649 | D:2      | 1649 ||| Stepping ~*~*~tactically~*~*~ (stealth).
  1929 | D:2      | Reached XP level 4. HP: 12/26 MP: 8/8
  2243 | D:2      | 2243 ||| READING scroll labelled VUBBORULUM.
  2244 | D:2      | 2244 ||| READING scroll labelled EXKO HEAPSUT.
  2400 | D:3      | 2400 ||| Stepping ~*~*~tactically~*~*~ (stealth).
  2401 | D:3      | 2401 ||| Stepping ~*~*~tactically~*~*~ (stealth).
  2402 | D:3      | 2402 ||| Stepping ~*~*~tactically~*~*~ (stealth).
  2798 | D:3      | 2798 ||| Stepping ~*~*~tactically~*~*~ (stealth).
  2848 | D:3      | Reached skill level 5 in Axes
  3279 | D:3      | 3279 ||| UPGRADING to +0 ring mail.
  3289 | D:3      | 3289 ||| DROPPING +0 leather armour.
  3290 | D:3      | 3290 ||| UPGRADING to +6 ring of dexterity.
  3291 | D:3      | 3291 ||| READING scroll labelled SARPHO WOCSOI.
  3291 | D:3      | Identified a scroll of acquirement
  3291 | D:3      | 3291 ||| ACQUIRING +4 flail of draining
  3291 | D:3      | Acquired a +4 flail of draining
  3293 | D:3      | 3293 ||| DROPPING +0 whip.
  3294 | D:3      | 3294 ||| DRINKING 2 grey potions.
  3295 | D:3      | 3295 ||| DRINKING 2 red potions.
  3493 | D:4      | HP: 2/26 [iguana (10)]
  3494 | D:4      | 3494 ||| DRINKING potion of heal wounds.
  3498 | D:4      | Gained mutation: Your magical nature lets you fly swiftly
                  | and evasively. [Tengu growth]
  3498 | D:4      | Reached XP level 5. HP: 3/30 MP: 9/9
  3815 | D:4      | Noticed a black bear
  3821 | D:4      | HP: 3/30 [iguana (7)]
  3821 | D:4      | Slain by a scorpion

Levels and vault maps discovered:
D:1:      heliophobic_arrival_battle_scene, layout_loops_ring, minivault_14
D:2:      layout_rooms, nicolae_ecumenical_oubliette, st_stairs_13,
          feat_on_display
D:3:      layout_basic, minivault_11, minmay_misc_feat_nine_boxes
D:4:      layout_basic

Skill      XL: |  1  2  3  4 |
---------------+-------------+-----
Axes           | 3 4 5 |  5.6
Fighting       | |  2.0
Throwing       | |  1.0
Armour         | |  1.1
Dodging        | |  2.1
Spellcasting   | |  2.0
Translocations | |  2.4

Action                   |  1- 3 |  4- 6 || total
-------------------------+-------+-------++-------
Melee: Hand axe          |    65 |    34 ||    99
       Peck              |     6 |     5 ||    11
       Kick              |    14 |     9 ||    23
       Punch             |     1 |       ||     1
Throw: Boomerang         |     7 |    10 ||    17
       Javelin           |     8 |    22 ||    30
  Use: Scroll            |     4 |     3 ||     7
       Potion            |       |     3 ||     3
Armor: Leather armour    |     9 |     2 ||    11
       Ring mail         |       |     6 ||     6
Dodge: Dodged            |    34 |    19 ||    53

Table legend:
 A = Non-vault XP
 B = Vault XP
 C = Vault XP percentage of total XP
 D = Non-vault monster count
 E = Vault monster count
 F = Vault count percentage of total count
                 A         B        C        D         E       F
            +---------+---------+-------+---------+---------+-------
      Total |     174 |       4 |   2.2 |      57 |       1 |   1.7
            +---------+---------+-------+---------+---------+-------
        D:1 |      29 |       0 |   0.0 |      18 |       0 |   0.0
        D:2 |      53 |       4 |   7.0 |      19 |       1 |   5.0
        D:3 |      50 |       0 |   0.0 |      18 |       0 |   0.0
        D:4 |      42 |       0 |   0.0 |       2 |       0 |   0.0
            +---------+---------+-------+---------+---------+-------
